 Dungeon Crawl Stone Soup version 0.27.0-1-g7a089689b8 (webtiles) character file.

Game seed: 17683370859031228910

1951 EnegeticOcto the Cleaver (level 8, -4/109 HPs)
             Began as a Minotaur Fighter on Aug 5, 2021.
             Was a Believer of Makhleb.
             Slain by a gnoll (6 damage)
             ... on level 7 of the Dungeon.
             The game lasted 00:03:03 (6573 turns).

EnegeticOcto the Cleaver (Minotaur Fighter)         Turns: 6573, Time: 00:03:03

Health: -4/109     AC: 24    Str: 22 (23) XL:     8   Next: 99%
Magic:  8/8        EV:  2    Int:  3 (5)  God:    Makhleb [**....]
Gold:   187        SH: 10    Dex:  9 (10) Spells: 7/7 levels left

rFire    . . .     SeeInvis .   a - +0 war axe
rCold    . . .     Faith    .   c - +0 kite shield
rNeg     + + +     Spirit   .   (armour currently unavailable)
rPois    +         Reflect  .   (helmet currently unavailable)
rElec    .         Harm     .   (cloak currently unavailable)
rCorr    .         Rampage  .   (gloves currently unavailable)
Will     .....     NoTele   +   (boots currently unavailable)
Stlth    +.........             (no amulet)
HPRegen  0.28/turn              v - ring of poison resistance
MPRegen  0.11/turn              (no ring)

@: tree-form (expiring), on berserk cooldown, slowed, very slow
A: stationary, stasis, torment immunity, boosted hp, (horns 2), (retaliatory
headbutt)
a: Renounce Religion, Minor Destruction


You were on level 7 of the Dungeon.
You worshipped Makhleb.
Makhleb was pleased with you.
You were a tree.
You visited 1 branch of the dungeon, and saw 7 of its levels.

You collected 187 gold pieces.

Inventory:

Hand Weapons
 a - a +0 war axe (weapon)
Armour
 c - a +0 kite shield (worn)
 j - a +1 pair of gloves (melded)
 n - a +0 chain mail (melded)
 p - a +0 pair of boots (melded)
Jewellery
 v - a ring of poison resistance (left branch)
Scrolls
 b - 2 scrolls of enchant weapon
 e - a scroll of fear
 f - 3 scrolls of holy word
 q - 3 scrolls of teleportation {@r3}
Potions
 d - 4 potions of might {@q3}
 g - 5 potions of curing {unknown}
 h - 2 potions of flight
 l - 2 potions of attraction
 m - a potion of cancellation
 o - 2 potions of lignification
 w - a potion of mutation {unknown}
 x - a potion of brilliance {unknown}
 z - a potion of haste {unknown}
 A - a potion of magic {unknown}


   Skills:
 + Level 7.1 Fighting
 * Level 8.9 Axes
 + Level 7.1 Armour
 + Level 7.0 Shields
 + Level 2.5 Invocations


You had 7 spell levels left.
You didn't know any spells.
Your spell library was empty.

Dungeon Overview and Level Annotations

Branches:
Dungeon (7/15)             Temple (0/1) D:6

Altars:
Ashenzari
Elyvilon
Fedhas
Gozag
Makhleb
Ru
Sif Muna
Trog
Uskayaw
Vehumet
Yredelemnul
Zin

Shops:
D:3 (   D:6 :

Annotations:
D:5 2 transporters, stickyfingers's ghost, weakling FoDe


Innate Abilities, Weirdness & Mutations

You are a tree.
Your roots penetrate the ground, keeping you stationary.
You cannot be teleported.
You are immune to unholy pain and torment.
Your maximum health is greatly increased.
Your equipment is partially melded.
((You have a pair of horns on your head.))
((You reflexively headbutt those who attack you in melee.))


Message History

Your +0 chain mail melds into your body.
Your roots penetrate the ground.
You block the killer bee's attack.
It was a potion of degeneration.
There was something very wrong with that liquid.
You feel weakened.
You feel dopey.
You feel clumsy. You block the killer bee's attack.
The killer bee stings you but does no damage.
You slash the killer bee!
The killer bee is heavily wounded.
The killer bee stings you but does no damage. x2
You miss the killer bee.
The killer bee is heavily wounded.
The killer bee stings you but does no damage. x2
You block the killer bee's attack.
You miss the killer bee.
The killer bee is heavily wounded.
The killer bee stings you.
* * * LOW HITPOINT WARNING * * *
You block the killer bee's attack.
You hit the killer bee.
The killer bee is severely wounded.
The killer bee stings you.
* * * LOW HITPOINT WARNING * * *
The killer bee stings you.
* * * LOW HITPOINT WARNING * * *
The killer bee stings you.
* * * LOW HITPOINT WARNING * * *
You slash the killer bee!
You kill the killer bee!
Makhleb accepts your kill.
You feel better.
The killer bee stings you but does no damage.
The gnoll barely misses you. You block the killer bee's attack.
You closely miss the killer bee.
The killer bee is lightly wounded.
You block the killer bee's attack.
The killer bee stings you but does no damage.
The gnoll barely misses you.
You barely miss the killer bee.
The killer bee is lightly wounded.
You block the killer bee's attack.
The killer bee stings you but does no damage.
The gnoll hits you from afar with a +0 halberd!
* * * LOW HITPOINT WARNING * * *
The killer bee stings you but does no damage.
You slash the killer bee!
The killer bee is severely wounded.
The killer bee stings you but does no damage.
The gnoll hits you but does no damage.
The killer bee stings you but does no damage.
You barely miss the killer bee.
The killer bee is severely wounded.
You block the killer bee's attack. The gnoll hits you but does no damage.
You block the killer bee's attack. The gnoll barely misses you.
You closely miss the killer bee.
The killer bee is severely wounded.
You block the killer bee's attack. The killer bee stings you!
* * * LOW HITPOINT WARNING * * *
The gnoll completely misses you. You block the killer bee's attack.
You closely miss the killer bee.
The killer bee is severely wounded.
You block the killer bee's attack.
The killer bee stings you but does no damage.
The gnoll hits you but does no damage.
You barely miss the killer bee.
The killer bee is severely wounded.
The killer bee stings you.
* * * LOW HITPOINT WARNING * * *
The killer bee stings you but does no damage.
The gnoll hits you but does no damage. The killer bee barely misses you.
You closely miss the killer bee.
The killer bee is severely wounded.
You block the killer bee's attack. The gnoll barely misses you.
The killer bee stings you but does no damage.
You hit the killer bee.
You kill the killer bee!
Makhleb accepts your kill.
You feel better.
The gnoll hits you but does no damage. x2
Your Shields skill increases to level 7!
You cannot move.
You cannot move.
You cannot move.
It was a potion of berserk rage.
A red film seems to cover your vision as you go berserk!
You feel yourself moving faster!
You feel mighty! You block the gnoll's attack.
You are too berserk!
You feel a strong urge to attack something.
Your transformation is almost over.
The gnoll hits you from afar with a +0 halberd.
* * * LOW HITPOINT WARNING * * *
You feel your anger nearly subside. You block the gnoll's attack.
You are no longer berserk.
You are exhausted.
You feel yourself slow down. The gnoll hits you but does no damage.
The gnoll hits you from afar with a +0 halberd.
* * * LOW HITPOINT WARNING * * *
The gnoll hits you from afar with a +0 halberd.
You die...

.....y)>†......#
#..
....g###...###.#
#.# ...
#...#...#####.
#.. .
#.g...........
#..
##g##...#####
#.. #o###..# #..
#g#
#).#########..
#.#
#.............
#♣#
##############
#.# #.# #># #.#
..# ### ##


You could see 3 gnolls and an orc.

Vanquished Creatures
  2 water moccasins
  A black bear (D:5)
  4 ogres
  2 sky beasts
  A phantom (D:7)
  A gnoll sergeant (D:7)
  A scorpion (D:3)
  6 killer bees (D:7)
  A bullfrog zombie (D:6)
  A centaur zombie (D:6)
  3 iron imps (D:3)
  A jelly (D:5)
  3 hounds
  An orc priest (D:6)
  A bullfrog skeleton (D:6)
  An iguana (D:5)
  A centaur skeleton (D:7)
  An orc wizard (D:4)
  A howler monkey zombie (D:7)
  Robin (D:2)
  4 gnolls
  9 adders
  A white imp (D:6)
  An ufetubus (D:6)
  2 adder skeletons (D:4)
  A worm (D:4)
  9 dart slugs
  9 orcs
  11 goblins
  9 hobgoblins
  10 jackals
  6 kobolds
  3 quokkas
  4 ball pythons
  3 bats
  A frilled lizard (D:1)
  3 rats
120 creatures vanquished.

Vanquished Creatures (others)
  A wizard (D:3)
1 creature vanquished.

Grand Total: 121 creatures vanquished

Notes
Turn   | Place    | Note
-------+----------+-------------------------------------------
     0 | D:1      | EnegeticOcto the Minotaur Fighter began the quest for the
                  | Orb.
     0 | D:1      | Reached XP level 1. HP: 19/19 MP: 0/0
   398 | D:1      | Reached XP level 2. HP: 27/27 MP: 1/1
   543 | D:1      | Reached skill level 3 in Axes
   945 | D:2      | Found a shimmering blue altar of Sif Muna.
   949 | D:2      | Noticed Robin
  1207 | D:2      | Killed Robin
  1208 | D:2      | Reached XP level 3. HP: 22/33 MP: 2/2
  1604 | D:2      | Reached XP level 4. HP: 36/40 MP: 3/3
  1826 | D:2      | Reached skill level 4 in Axes
  2023 | D:2      | You fall into a shaft and drop 1 floor!
  2023 | D:3      | Found a burning altar of Makhleb.
  2043 | D:3      | Reached XP level 5. HP: 19/47 MP: 4/4
  2053 | D:3      | Became a worshipper of Makhleb the Destroyer
  3109 | D:3      | Found Yrelisme's Weapon Emporium.
  3345 | D:3      | Reached skill level 5 in Axes
  3349 | D:3      | Reached XP level 6. HP: 46/55 MP: 5/5
  3400 | D:3      | Found a bloodstained altar of Trog.
  3403 | D:3      | Noticed a wizard
  3408 | D:3      | Killed a wizard
  3496 | D:4      | Reached skill level 5 in Fighting
  3662 | D:4      | Reached * piety under Makhleb
  3675 | D:4      | Reached skill level 5 in Armour
  3691 | D:4      | Reached skill level 5 in Shields
  4033 | D:4      | Found a hide-covered altar of Uskayaw.
  4036 | D:4      | Found a white marble altar of Elyvilon.
  4040 | D:4      | Found a basalt altar of Yredelemnul.
  4056 | D:4      | You fall into a shaft and drop 2 floors!
  4056 | D:6      | Found a staircase to the Ecumenical Temple.
  4071 | D:6      | Reached skill level 6 in Axes
  4071 | D:6      | Reached XP level 7. HP: 40/61 MP: 6/6
  4207 | D:5      | Entered Level 5 of the Dungeon
  4614 | D:5      | Found an opulent altar of Gozag.
  4637 | D:5      | Reached skill level 7 in Axes
  4874 | D:5      | Found a transporter.
  4888 | D:5      | Noticed stickyfingers's ghost (weakling FoDe)
  4915 | D:5      | Reached XP level 8. HP: 55/70 MP: 7/7
  5045 | D:5      | Found a transporter.
  5571 | D:4      | Found a broken altar of Ashenzari.
  5678 | D:6      | Reached ** piety under Makhleb
  5784 | D:6      | Found a radiant altar of Vehumet.
  5943 | D:6      | Found a glowing silver altar of Zin.
  5987 | D:6      | Found Ehiclyff's Self-Improvement Boutique.
  6009 | D:6      | Found a sacrificial altar of Ru.
  6056 | D:6      | Reached skill level 1 in Invocations
  6292 | D:7      | Found a blossoming altar of Fedhas.
  6307 | D:7      | Reached skill level 8 in Axes
  6562 | D:7      | HP: 3/109 [killer bee (7)]
  6564 | D:7      | HP: 1/109 [killer bee (2)]
  6569 | D:7      | HP: 5/163 [gnoll (2)]
  6572 | D:7      | HP: 2/109 [gnoll (2)]
  6573 | D:7      | Slain by a gnoll

Illustrated notes

Levels and vault maps discovered:
D:1:      ncdulo_wetmaze, layout_loops_ring
D:2:      layout_basic, basic_altar, uniq_robin
D:3:      kennysheep_slugbush, layout_basic, demons_altar, trog_wizard,
          serial_shops, shop
D:4:      layout_cave_pools, grunt_temple_overflow_diamond,
          lemuel_coloured_pillars_altar, kennysheep_opposing_triangles
D:5:      layout_basic, mainiacjoe_overflow_cross_hatched,
          gammafunk_ghost_stat_death
D:6:      layout_loops_ring, nicolae_overflow_crystal_walls,
          mainiacjoe_overflow_surrounded_room, mainiacjoe_overflow_tiny_flanked,
          minmay_temple_entry_large_hall, nicolae_shop_self_help
D:7:      kennysheep_seaside_town, layout_loops_ring, lemuel_round_altar,
          minitemple

Skill      XL: |  1  2  3  4  5  6  7  8 |
---------------+-------------------------+-----
Axes           | 3 4 5 6 7 8 |  8.9
Fighting       | 4 5 6 7 |  7.1
Armour         | 4 5 6 7 |  7.1
Shields        | 4 5 6 7 |  7.0
Invocations    | 2 |  2.5

Action                   |  1- 3 |  4- 6 |  7- 9 || total
-------------------------+-------+-------+-------++-------
Melee: War axe           |    68 |   129 |   146 ||   343
       Headbutt          |     7 |    20 |    26 ||    53
  Use: Scroll            |       |     5 |     7 ||    12
       Potion            |       |       |     3 ||     3
Armor: Scale mail        |    34 |    13 |       ||    47
       Chain mail        |       |    45 |   117 ||   162
       Skin              |       |       |    21 ||    21
Dodge: Dodged            |    31 |    31 |    46 ||   108
Block: Kite shield       |    64 |    76 |    85 ||   225
